 Dungeon Crawl Stone Soup version 0.27-a0-380-g150de4c316 (webtiles) character file.

Game seed: 16357015881310481200

11 kae the Ruffian (level 2, 0/23 HPs)
             Began as a Draconian Transmuter on Feb 17, 2021.
             Slain by a jackal (2 damage)
             ... on level 1 of the Dungeon.
             The game lasted 00:00:13 (254 turns).

kae the Ruffian (Draconian Transmuter)               Turns: 254, Time: 00:00:13

Health: 0/23       AC:  4    Str: 12    XL:     2   Next: 13%
Magic:  5/5        EV: 12    Int: 13    God:
Gold:   4          SH:  0    Dex: 11    Spells: 4/5 levels left

rFire    . . .     SeeInvis .     - Unarmed
rCold    . . .     Faith    .   (no shield)
rNeg     . . .     Spirit   .   (armour unavailable)
rPois    .         Reflect  .   (helmet restricted)
rElec    .         Harm     .   (no cloak)
rCorr    .         Rampage  .   (no gloves)
Will     .....                  (no boots)
Stlth    +.........             (no amulet)
HPRegen  0.07/turn              (no ring)
MPRegen  0.09/turn              (no ring)

@: no status effects
A: unfitting armour, cold-blooded, AC +4
a: no special abilities


You were on level 1 of the Dungeon.
You visited 1 branch of the dungeon, and saw 1 of its levels.

You collected 4 gold pieces.

You aren't carrying anything.


   Skills:
 + Level 1.2 Fighting
 + Level 1.9 Dodging
 * Level 3.2 Unarmed Combat
 + Level 2.1 Spellcasting
 * Level 2.2 Transmutations


You had 4 spell levels left.
You knew the following spells:

 Your Spells              Type           Power        Failure   Level
a - Beastly Appendage     Tmut           14%          10%         1

Your spell library contained the following spells:

 Spells                   Type           Power        Failure   Level
 Wereblood                Tmut           7%           16%         2
 Spider Form              Tmut/Pois      2%           43%         3
 Ice Form                 Ice/Tmut       4%           85%         4
 Blade Hands              Tmut           3%           95%         5


Dungeon Overview and Level Annotations

Branches:
Dungeon (1/15)

Altars:


Innate Abilities, Weirdness & Mutations

Your plain brown scales are hard. (AC +4)
You cannot fit into any form of body armour.
You are cold-blooded and may be slowed by cold attacks.


Message History

You hit the dart slug. You tail-slap the dart slug.
The dart slug is almost dead.
You hear a bark!
The goblin hits you.
* * * LOW HITPOINT WARNING * * *
The dart slug bites you but does no damage.
You hit the dart slug. You tail-slap the dart slug.
You kill the dart slug!
The goblin hits you but does no damage.
A giant cockroach comes into view.
The jackal barely misses you.
You have reached level 2!
You barely miss the goblin. The jackal completely misses you.
The goblin barely misses you.
You barely miss the goblin. The jackal closely misses you.
The goblin closely misses you.
You closely miss the goblin.
Your tail-slap misses the goblin.
A jackal comes into view.
The jackal bites you.
* * * LOW HITPOINT WARNING * * *
The goblin closely misses you.
The jackal bites you but does no damage.
The jackal barks! x2
You hit the goblin.
You kill the goblin!
The jackal bites you but does no damage.
You hit the jackal.
The jackal is heavily wounded.
You hit the jackal.
You kill the jackal!
You barely miss the jackal.
The jackal bites you but does no damage.
The giant cockroach misses you.
You closely miss the jackal.
Your tail-slap misses the jackal.
The giant cockroach barely misses you. The jackal closely misses you.
The giant cockroach barely misses you.
You hit the jackal.
The jackal is moderately wounded.
The jackal bites you.
You die...

.#.. ##
...# ##
.....# #.
.#...
#.##...#
###.....#
#....††.#
#†@h#
#B#.# ...
... #....
.....
#....
....##
#....
.>....
#...#
..#....
#.##
#..###.


You could see a jackal and a giant cockroach.

Vanquished Creatures
  A dart slug (D:1)
  A hobgoblin (D:1)
  A jackal (D:1)
  A bat (D:1)
  3 goblins (D:1)
  A kobold (D:1)
  A rat (D:1)
9 creatures vanquished.

Notes
Turn   | Place    | Note
-------+----------+-------------------------------------------
     0 | D:1      | kae the Draconian Transmuter began the quest for the Orb.
     0 | D:1      | Reached XP level 1. HP: 16/16 MP: 3/3
   246 | D:1      | Reached XP level 2. HP: 3/23 MP: 5/5
   254 | D:1      | Slain by a jackal

Illustrated notes

Levels and vault maps discovered:
D:1:      lightli_molten_gateway, layout_rooms, minmay_tromino_v2

Action                   || total
-------------------------++-------
Melee: Unarmed           ||    30
       Tailslap          ||     5
 Cast: Beastly Appendage ||     2
Armor: Skin              ||    11
Dodge: Dodged            ||    19

Table legend: (Time is in decaauts)
 A = Elapsed time spent in this place.
 B = Non-inter-level travel time spent in this place.
 C = Inter-level travel time spent in this place.
 D = Time resting spent in this place.
 E = Time spent auto-exploring this place.
 F = Levels seen in this place.
 G = Mean time per level.
                   A        B        C        D        E       F      G
               +--------+--------+--------+--------+--------+-----+--------+
         Total |    252 |    252 |      0 |      0 |    208 |   1 |  252.0 |
       Dungeon |    252 |    252 |      0 |      0 |    208 |   1 |  252.0 |
               +--------+--------+--------+--------+--------+-----+--------+

Top non-repeatable levels by time:
     D:1: 252 daAuts
